 Dungeon Crawl Stone Soup version 0.29.1-2-gbd0b4ee654 (webtiles) character file.

Game seed: 10568047057391899393

6 Ivernyr the Grasshopper (level 1, 0/19 HPs)
             Began as a Naga Warper on Oct 29, 2022.
             Slain by a frilled lizard (2 damage)
             ... on level 1 of the Dungeon.
             The game lasted 00:01:09 (531 turns).

Ivernyr the Grasshopper (Naga Warper)                Turns: 531, Time: 00:01:09

Health: 0/19       AC:  1    Str: 13    XL:     1   Next: 90%
Magic:  3/3        EV:  9    Int: 13    God:
Gold:   39         SH:  0    Dex: 10    Spells: 4/4 levels left

rFire   . . .      SeeInvis +   a - +0 mace
rCold   . . .      Faith    .   (no shield)
rNeg    . . .      Spirit   .   b - +0 leather armour
rPois   +          Reflect  .   (no helmet)
rElec   .          Harm     .   (no cloak)
rCorr   .          Rampage  .   (no gloves)
Will    .....                   (no barding)
Stlth   +.........              (no amulet)
HPRegen 0.06/turn               (no ring)
MPRegen 0.08/turn               (no ring)

@: very slow
A: AC +0, large, see invisible, deformed body, poison resistance, slowness 2,
spit poison 1, naga tail 1
a: Spit Poison


You were on level 1 of the Dungeon.
You visited 1 branch of the dungeon, and saw 1 of its levels.

You collected 39 gold pieces.

Inventory:

Hand Weapons
 a - a +0 mace (weapon)
Missiles
 d - 7 boomerangs of dispersal (quivered)
Armour
 b - a +0 leather armour (worn)
Scrolls
 c - a scroll of blinking
Potions
 e - a potion of cancellation {unknown}


   Skills:
 + Level 2.1 Fighting
 - Level 2.0 Maces & Flails
 - Level 0.8 Throwing
 - Level 0.7 Armour
 + Level 1.6 Dodging
 + Level 2.1 Spellcasting
 * Level 3.1 Translocations


You had 4 spell levels left.
You didn't know any spells.
Your spell library contained the following spells:

 Spells                   Type           Power      Damage    Failure   Level
 Blink                    Tloc           18%        N/A       13%         2
 Gell's Gravitas          Tloc           9%         N/A       26%         3
 Lesser Beckoning         Tloc           9%         N/A       26%         3
 Teleport Other           Tloc           9%         N/A       26%         3
 Manifold Assault         Tloc           9%         N/A       94%         5


Dungeon Overview and Level Annotations

Branches:
Dungeon (1/15)

Altars:


Innate Abilities, Weirdness & Mutations

Your serpentine skin is tough. (AC +0)
You have supernaturally acute eyesight. (SInv)
Armour fits poorly on your strangely shaped body.
Your system is resistant to poisons. (rPois)
You cover ground very slowly.
You can spit poison.
You have a snake-like lower body.


Message History

HP restored.
You see here a quokka corpse.
You now have 39 gold pieces (gained 15).
A frilled lizard comes into view.
A frilled lizard and a quokka come into view.
The frilled lizard hisses angrily.
Aiming: Spit Poison (3% risk of failure)
Press: ? - help, Shift-Dir - straight line, f - quokka
Aim: a quokka (38% to hit)
The splash of poison hits the quokka.
The quokka is severely wounded.
The quokka misses you.
You closely miss the quokka. Your punch misses the quokka.
The quokka is severely wounded.
The quokka bites you. x2
You barely miss the quokka.
The quokka is severely wounded.
The quokka closely misses you.
You barely miss the quokka.
The quokka is severely wounded.
You have got your breath back.
The quokka barely misses you. x2
You closely miss the quokka.
The quokka is severely wounded.
The frilled lizard barely misses you. The quokka closely misses you.
The frilled lizard bites you.
You completely miss the quokka. You punch the quokka, but do no damage.
The quokka is severely wounded.
The quokka bites you. The frilled lizard bites you.
* * * LOW HITPOINT WARNING * * *
The frilled lizard barely misses you. The quokka barely misses you.
The frilled lizard bites you.
* * * LOW HITPOINT WARNING * * *
The frilled lizard bites you.
* * * LOW HITPOINT WARNING * * *
You hit the quokka.
You kill the quokka!
The frilled lizard unfolds its giant frill.
The frilled lizard bites you.
You die...

#...####.... ...........
#.........# #.........#
#.........+
#####.........#
..............# ####
......l†# ...#
......l@### #.##
..........# #.##
..........# # #.##
.........(# #. #.##
..........# #.#######†##
..........# #......##.##
###.......###......##...
#................##.#.
#......#.#.......†..#.


You could see 2 frilled lizards.

Vanquished Creatures
  A goblin (D:1)
  3 quokkas (D:1)
  A ball python (D:1)
  2 rats (D:1)
7 creatures vanquished.

Notes
Turn   | Place    | Note
-------+----------+-------------------------------------------
     0 | D:1      | Ivernyr the Naga Warper began the quest for the Orb.
     0 | D:1      | Reached XP level 1. HP: 19/19 MP: 3/3
   531 | D:1      | Slain by a frilled lizard

Illustrated notes

Levels and vault maps discovered:
D:1:      minmay_arrival_stone_box, layout_basic

Action                   || total
-------------------------++-------
Melee: Mace              ||    22
       Punch             ||     1
 Abil: Spit Poison       ||     4
Dodge: Dodged            ||    19
